Heat vs Wolfpack

Created - February 17, 2023 at 23:12

Goals
1 2 3 T
Heat 2 0 2 4
Wolfpack 1 0 2 3
Shots
1 2 3 T
Heat 13 5 20 38
Wolfpack 11 18 10 39

1st period

1. Heat , Philip Varone 7 (Barclay Goodrow 20) at 8:54
2. Wolfpack , Casey Mittelstadt 9 (Samuel Blais 19, Jonas Brodin 23) at 16:57
3. Heat , Evgeny Svechnikov 27 (Mathieu Brodeur 13) at 18:02

Penalties :
Samuel Blais (Har) for Holding (Minor) at 1:56

2nd period

No Goal

Penalties :
Erik Brannstrom (Sto) for Hooking (Minor) at 4:14

3rd period

4. Wolfpack , Owen Tippet 4 (Samuel Blais 20, Casey Mittelstadt 24) at 3:11
5. Heat , Peter Cehlarik 12 (Barclay Goodrow 21) at 9:58
6. Heat , Matthew Nieto 29 (Trevor Carrick 7, Chris Brown 11) at 10:04
7. Wolfpack , Seth Griffith 30 (David Pope 38) at 17:27

Penalties :
Linus Sandin (Har) for Hooking (Minor) at 3:42, Brett Ponich (Har) for Hooking (Minor) at 19:37

Goalie Stats

Michael Hutchinson (Sto), 36 saves from 39 shots - (0.923), W, 22-13-2, 60:00 minutes
Ivan Fedotov (Har), 34 saves from 38 shots - (0.895), L, 15-6-8, 60:00 minutes

Players Stats for Heat

Player Name              G  A  P  +/- PIM S  H  SB GA TA FO     MP     PP MP  PK MP  
------------------------------------------------------------------------------------
Barclay Goodrow          0  2  2   0  0   2  1  0  0  0  0/0    18:32   1:46   0:41 
Brandon Hickey           0  0  0  -3  0   2  1  1  0  0  0/0    16:49   0:00   0:55 
Chris Brown              0  1  1   1  0   1  2  0  0  1  15/29  19:38   2:34   0:14 
Dominik Masin            0  0  0  -2  0   1  0  1  0  0  0/0    13:01   0:00   1:04 
Eric Karlsson            0  0  0   0  0   1  0  0  0  1  0/1    12:00   0:00   0:37 
Erik Brannstrom          0  0  0   2  2   0  1  3  0  0  0/0    18:20   1:29   0:00 
Evgeny Svechnikov        1  0  1   1  0   4  0  0  1  0  2/4    20:07   2:34   0:00 
Frank Corrado            0  0  0   2  0   3  3  2  1  0  0/0    25:06   2:51   0:10 
Jesper Bratt             0  0  0   0  0   1  2  2  1  0  0/1    18:50   1:46   0:59 
John Gilmour             0  0  0   0  0   3  0  1  0  0  0/0    11:04   0:00   0:00 
Mathieu Brodeur          0  1  1   1  0   0  2  0  0  0  0/0    21:21   1:29   0:45 
Matthew Nieto            1  0  1   1  0   5  3  1  1  1  1/2    20:07   2:34   0:00 
Nico Sturm               0  0  0   0  0   1  1  0  0  0  0/1     9:03   0:00   0:23 
Peter Cehlarik           1  0  1   0  0   2  0  0  1  0  0/0     8:40   0:00   0:00 
Philip Varone            1  0  1   0  0   2  4  1  0  0  7/16   19:57   1:46   1:04 
Ryan Spooner             0  0  0   0  0   4  3  0  0  0  3/8    11:04   0:00   0:00 
Tage Thompson            0  0  0   0  0   0  0  1  0  0  0/0     8:40   0:00   0:00 
Trevor Carrick           0  1  1   2  0   6  1  1  0  0  0/0    25:41   2:51   1:04 

Players Stats for Wolfpack

Player Name              G  A  P  +/- PIM S  H  SB GA TA FO     MP     PP MP  PK MP  
------------------------------------------------------------------------------------
Alex Barre-Boulet        0  0  0   0  0   1  1  0  0  0  0/2     6:59   0:00   0:00 
Alexander Barabanov      0  0  0  -1  0   4  1  1  1  0  0/0    12:52   0:00   1:15 
Alexander Volkov         0  0  0   0  0   1  0  0  0  0  0/0     6:59   0:00   0:00 
Andrew Peeke             0  0  0   1  0   1  2  0  0  1  0/0    14:09   0:00   0:00 
Brett Ponich             0  0  0  -2  2   2  2  1  1  0  0/0    27:26   1:02   2:17 
Cale Fleury              0  0  0   1  0   0  0  0  0  0  0/0    14:09   0:00   0:00 
Casey Mittelstadt        1  1  2   1  0   3  2  1  0  0  7/9    19:15   0:56   1:08 
Connor Chatam            0  0  0  -1  0   2  2  0  0  0  1/1    18:52   1:03   0:00 
David Pope               0  1  1  -1  0   3  3  0  0  0  3/5    21:20   1:03   2:21 
Joel Kiviranta           0  0  0   0  0   0  0  0  0  1  0/0     8:09   0:00   1:05 
Jonas Brodin             0  1  1  -2  0   1  1  2  0  3  0/0    27:49   1:02   2:39 
Joshua Jacobs            0  0  0   0  0   0  0  0  0  0  0/0    18:24   0:57   2:03 
Linus Sandin             0  0  0  -1  2   1  1  0  0  0  0/0    11:41   0:00   0:00 
Nolan Patrick            0  0  0  -1  0   4  0  0  0  0  3/5    11:54   0:00   0:12 
Owen Tippet              1  0  1   1  0   3  2  0  0  0  0/0    18:00   0:56   0:00 
Ryan Culkin              0  0  0   0  0   0  1  2  0  0  0/0    18:02   0:57   1:41 
Samuel Blais             0  2  2   1  2   8  3  0  0  0  1/2    18:29   0:56   0:23 
Seth Griffith            1  0  1  -1  0   5  2  0  1  0  19/38  21:08   1:03   2:16 

3 Stars

1 - Casey Mittelstadt (Har)
2 - Matthew Nieto (Sto)
3 - Philip Varone (Sto)

Power Play

Heat - 0 on 3 Attempt(s) - 0.00%
Wolfpack - 0 on 1 Attempt(s) - 0.00%

Penalty Kill

Heat - 1 on 1 Attempt(s) - 100.00% - Score 0 goal in Penalty Kill
Wolfpack - 3 on 3 Attempt(s) - 100.00% - Score 0 goal in Penalty Kill

Team Stat

Heat - Hits : 24 - Faceoff Wins : 28 - Blocked Shots : 14 - Penalty Minutes : 2
Wolfpack - Hits : 23 - Faceoff Wins : 34 - Blocked Shots : 7 - Penalty Minutes : 6

Official

Referees : Tom Chmielewski and Jean Hebert
Linesman : Greg Devorski and Kiel Murchison

Game Notes

No Game Note

Finance

Level 1 -- Attendance: 1749 (87.45%) -- Ticket Income $61,215
Level 2 -- Attendance: 992 (99.20%) -- Ticket Income $14,880
Total Attendance: 2741 (91.37%)
Total Ticket Income: $76,095
Other Income: $3,805
Total Income: $79,900

Heat

5 vs 5 Forward 
   Center                   Left Wing                Right Wing               Time % Phy DF OF 
 1 Chris Brown              Matthew Nieto            Evgeny Svechnikov        40     1   2  2  
 2 Philip Varone            Jesper Bratt             Barclay Goodrow          30     1   2  2  
 3 Ryan Spooner             Eric Karlsson            John Gilmour             20     1   2  2  
 4 Nico Sturm               Peter Cehlarik           Tage Thompson            10     1   2  2  

5 vs 5 Defense 
   Defense                  Defense                                           Time % Phy DF OF 
 1 Trevor Carrick           Frank Corrado                                     40     1   2  2  
 2 Erik Brannstrom          Mathieu Brodeur                                   30     1   2  2  
 3 Brandon Hickey           Dominik Masin                                     20     1   2  2  
 4 Brandon Hickey           Mathieu Brodeur                                   10     1   2  2  

PowerPlay Forward 
   Center                   Left Wing                Right Wing               Time % Phy DF OF 
 1 Chris Brown              Matthew Nieto            Evgeny Svechnikov        60     1   2  2  
 2 Philip Varone            Jesper Bratt             Barclay Goodrow          40     1   2  2  

PowerPlay Defense
   Defense                  Defense                                           Time % Phy DF OF 
 1 Trevor Carrick           Frank Corrado                                     60     1   2  2  
 2 Erik Brannstrom          Mathieu Brodeur                                   40     1   2  2  

Penalty Kill 4 Players Forward 
   Center                   Wing                     Time % Phy DF OF 
 1 Philip Varone            Jesper Bratt             60     1   2  2  
 2 Nico Sturm               Barclay Goodrow          40     1   2  2  

Penalty Kill 4 Players Defense
   Defense                  Defense                  Time % Phy DF OF 
 1 Trevor Carrick           Dominik Masin            60     1   2  2  
 2 Brandon Hickey           Mathieu Brodeur          40     1   2  2  

Penalty Kill - 3 Players Forward 
   Forward                                           Time % Phy DF OF 
 1 Matthew Nieto                                     60     1   2  2  
 2 Philip Varone                                     40     1   2  2  

Penalty Kill - 3 Players Defense
   Defense                  Defense                  Time % Phy DF OF 
 1 Trevor Carrick           Frank Corrado            60     1   2  2  
 2 Brandon Hickey           Mathieu Brodeur          40     1   2  2  

4 vs 4 Forward 
   Center                   Wing                     Time % Phy DF OF 
 1 Chris Brown              Matthew Nieto            60     1   2  2  
 2 Philip Varone            Evgeny Svechnikov        40     1   2  2  

4 vs 4 Defense
   Defense                  Defense                  Time % Phy DF OF 
 1 Trevor Carrick           Frank Corrado            60     1   2  2  
 2 Erik Brannstrom          Mathieu Brodeur          40     1   2  2  

Last Minutes Offensive
   Center                   Left Wing                Right Wing               Defense                  Defense                  
   Philip Varone            Matthew Nieto            Evgeny Svechnikov        Brandon Hickey           Frank Corrado            

Last Minutes Defensive
   Center                   Left Wing                Right Wing               Defense                  Defense                  
   Philip Varone            Matthew Nieto            Evgeny Svechnikov        Brandon Hickey           Frank Corrado            

Goaltenders
Starting : Michael Hutchinson       
Backup : Vitek Vanecek            

Extra Forwards
Normal : Nico Sturm, Ryan Spooner, Evgeny Svechnikov - PP : Philip Varone, Peter Cehlarik - PK : Barclay Goodrow
Extra Defensemen
Normal : Mathieu Brodeur, Erik Brannstrom, Brandon Hickey - PP : Erik Brannstrom - PK : Dominik Masin, Brandon Hickey
Penalty Shots
Evgeny Svechnikov, Matthew Nieto, Jesper Bratt, Ryan Spooner, Chris Brown

Scratches
Christian Jaros (Healthy), Skyler Brind'Amour (Healthy), Darren Raddysh (Healthy), Petteri Lindbohm (Healthy), Rasmus Andersson (Healthy)
Ryan Donato (Healthy), Ivan Chekhovich (Healthy), Victor Rask (Separated Left Shoulder Injury), Vladislav Kamenev (Healthy), Taylor Raddysh (Healthy)
Radim Zohorna (Healthy), Collin Delia (Healthy)

Wolfpack

5 vs 5 Forward 
   Center                   Left Wing                Right Wing               Time % Phy DF OF 
 1 Seth Griffith            David Pope               Connor Chatam            40     1   2  2  
 2 Casey Mittelstadt        Samuel Blais             Owen Tippet              30     1   2  2  
 3 Nolan Patrick            Alexander Barabanov      Linus Sandin             20     1   2  2  
 4 Alex Barre-Boulet        Joel Kiviranta           Alexander Volkov         10     1   2  2  

5 vs 5 Defense 
   Defense                  Defense                                           Time % Phy DF OF 
 1 Brett Ponich             Jonas Brodin                                      40     1   2  2  
 2 Ryan Culkin              Joshua Jacobs                                     30     1   2  2  
 3 Cale Fleury              Andrew Peeke                                      20     1   2  2  
 4 Brett Ponich             Jonas Brodin                                      10     1   2  2  

PowerPlay Forward 
   Center                   Left Wing                Right Wing               Time % Phy DF OF 
 1 Seth Griffith            David Pope               Connor Chatam            60     1   2  2  
 2 Casey Mittelstadt        Samuel Blais             Owen Tippet              40     1   2  2  

PowerPlay Defense
   Defense                  Defense                                           Time % Phy DF OF 
 1 Brett Ponich             Jonas Brodin                                      60     1   2  2  
 2 Ryan Culkin              Joshua Jacobs                                     40     1   2  2  

Penalty Kill 4 Players Forward 
   Center                   Wing                     Time % Phy DF OF 
 1 Seth Griffith            David Pope               60     1   2  2  
 2 Casey Mittelstadt        Samuel Blais             40     1   2  2  

Penalty Kill 4 Players Defense
   Defense                  Defense                  Time % Phy DF OF 
 1 Brett Ponich             Jonas Brodin             60     1   2  2  
 2 Ryan Culkin              Joshua Jacobs            40     1   2  2  

Penalty Kill - 3 Players Forward 
   Forward                                           Time % Phy DF OF 
 1 Seth Griffith                                     60     1   2  2  
 2 Casey Mittelstadt                                 40     1   2  2  

Penalty Kill - 3 Players Defense
   Defense                  Defense                  Time % Phy DF OF 
 1 Brett Ponich             Jonas Brodin             60     1   2  2  
 2 Ryan Culkin              Joshua Jacobs            40     1   2  2  

4 vs 4 Forward 
   Center                   Wing                     Time % Phy DF OF 
 1 Seth Griffith            David Pope               60     1   2  2  
 2 Casey Mittelstadt        Samuel Blais             40     1   2  2  

4 vs 4 Defense
   Defense                  Defense                  Time % Phy DF OF 
 1 Brett Ponich             Jonas Brodin             60     1   2  2  
 2 Ryan Culkin              Joshua Jacobs            40     1   2  2  

Last Minutes Offensive
   Center                   Left Wing                Right Wing               Defense                  Defense                  
   Seth Griffith            David Pope               Connor Chatam            Brett Ponich             Jonas Brodin             

Last Minutes Defensive
   Center                   Left Wing                Right Wing               Defense                  Defense                  
   Seth Griffith            David Pope               Connor Chatam            Brett Ponich             Jonas Brodin             

Goaltenders
Starting : Ivan Fedotov             
Backup : Mike Condon              

Extra Forwards
Normal : Alexander Barabanov, Casey Mittelstadt, Nolan Patrick - PP : Alexander Barabanov, Casey Mittelstadt - PK : Alexander Barabanov
Extra Defensemen
Normal : Joshua Jacobs, Cale Fleury, Andrew Peeke - PP : Joshua Jacobs - PK : Joshua Jacobs, Cale Fleury
Penalty Shots
David Pope, Seth Griffith, Samuel Blais, Connor Chatam, Alexander Barabanov

Scratches
Ryan Poehling (Healthy), Mason Shaw (Healthy), Colton White (Healthy), Dryden Hunt (Healthy), Jacob Middleton (Healthy)
Jake Marchment (Healthy), Dylan Samberg (Healthy), Mikhail Vorobyev (Healthy), Sebastian Collberg (Healthy), Steven Santini (Healthy)
Will Borgen (Healthy), Dante Fabbro (Healthy), Jeffrey Viel (Healthy), Yegor Korshkov (Healthy), Harru Sateri (Healthy)
Jake Paterson (Healthy)

% Time on Ice - Heat

Lines # - Real PCT - Wanted PCT - Time Play
Normal Forward
1 - 32% - 40% - 17:09
2 - 30% - 30% - 16:05
3 - 21% - 20% - 11:04
4 - 16% - 10% - 8:40
Normal Defense
1 - 42% - 40% - 22:05
2 - 30% - 30% - 15:50
3 - 21% - 20% - 11:15
4 - 7% - 10% - 3:48
PP Forward
1 - 59% - 60% - 2:34
2 - 41% - 40% - 1:46
PP Defense
1 - 66% - 60% - 2:51
2 - 34% - 40% - 1:29
PK Forward
1 - 81% - 60% - 1:36
2 - 19% - 40% - 0:23
PK Defense
1 - 62% - 60% - 1:14
2 - 38% - 40% - 0:45
PK3 Forward
1 - 0% - 60%
2 - 0% - 40%
PK3 Defense
1 - 0% - 60%
2 - 0% - 40%
44 Forward
1 - 0% - 60%
2 - 0% - 40%
44 Defense
1 - 0% - 60%
2 - 0% - 40%
Last Minute Offensive  - 0:00
Last Minute Defensive  - 0:43
Total
Forward - 60:00
Defense - 60:00

% Time on Ice - Wolfpack

Lines # - Real PCT - Wanted PCT - Time Play
Normal Forward
1 - 32% - 40% - 17:10
2 - 32% - 30% - 17:11
3 - 22% - 20% - 11:37
4 - 13% - 10% - 6:59
Normal Defense
1 - 37% - 40% - 19:50
2 - 29% - 30% - 15:24
3 - 27% - 20% - 14:09
4 - 7% - 10% - 3:34
PP Forward
1 - 53% - 60% - 1:03
2 - 47% - 40% - 0:56
PP Defense
1 - 52% - 60% - 1:02
2 - 48% - 40% - 0:57
PK Forward
1 - 74% - 60% - 3:12
2 - 26% - 40% - 1:08
PK Defense
1 - 61% - 60% - 2:39
2 - 39% - 40% - 1:41
PK3 Forward
1 - 0% - 60%
2 - 0% - 40%
PK3 Defense
1 - 0% - 60%
2 - 0% - 40%
44 Forward
1 - 0% - 60%
2 - 0% - 40%
44 Defense
1 - 0% - 60%
2 - 0% - 40%
Last Minute Offensive  - 0:44
Last Minute Defensive  - 0:00
Total
Forward - 60:00
Defense - 60:00

Play-by-Play

1st period


0:01 of 1st period - Seth Griffith wins face-off versus Chris Brown in neutral zone.
0:06 of 1st period - Snap shot by Seth Griffith.
0:06 of 1st period - Shot Blocked by Frank Corrado.
0:49 of 1st period - Mathieu Brodeur is hit by Alexander Barabanov and loses puck.
0:54 of 1st period - Snap shot by Nolan Patrick.
0:54 of 1st period - Shot Blocked by Erik Brannstrom.
0:56 of 1st period - Snap shot by Joshua Jacobs.
0:56 of 1st period - Deflect By Alexander Barabanov.
0:56 of 1st period - Stopped by Michael Hutchinson with a rebound.
1:10 of 1st period - Snap shot by Alexander Volkov.
1:10 of 1st period - Shot Misses the Net.
1:16 of 1st period - Wrist shot by Alexander Volkov.
1:16 of 1st period - Stopped by Michael Hutchinson without a rebound.
1:17 of 1st period - Seth Griffith wins face-off versus Chris Brown in Heat zone.
1:20 of 1st period - Wrist shot by David Pope.
1:20 of 1st period - Stopped by Michael Hutchinson with a rebound.
1:30 of 1st period - Cale Fleury is hit by Matthew Nieto and loses puck.
1:45 of 1st period - Slapshot by Philip Varone.
1:45 of 1st period - Deflect By Jesper Bratt.
1:45 of 1st period - Stopped by Ivan Fedotov with a rebound.
1:56 of 1st period - Minor Penalty to Samuel Blais for Holding.
1:57 of 1st period - Seth Griffith wins face-off versus Evgeny Svechnikov in Wolfpack zone.
2:23 of 1st period - Alexander Barabanov is hit by Jesper Bratt and loses puck.
3:56 of 1st period - Penalty to Samuel Blais is over, Samuel Blais is back on ice.
4:06 of 1st period - Eric Karlsson is hit by Alex Barre-Boulet.
6:10 of 1st period - David Pope is hit by Ryan Spooner and loses puck.
6:57 of 1st period - Mathieu Brodeur is hit by Owen Tippet and loses puck.
7:17 of 1st period - Evgeny Svechnikov is hit by Andrew Peeke and loses puck.
7:24 of 1st period - Cale Fleury is hit by Matthew Nieto and loses puck.
7:51 of 1st period - Off-side.
7:52 of 1st period - Casey Mittelstadt wins face-off versus Philip Varone in neutral zone.
7:59 of 1st period - Wrist shot by Samuel Blais.
7:59 of 1st period - Shot Misses the Net.
8:05 of 1st period - Samuel Blais is hit by Philip Varone and loses puck.
8:22 of 1st period - Wrist shot by David Pope.
8:22 of 1st period - Stopped by Michael Hutchinson without a rebound.
8:23 of 1st period - Chris Brown wins face-off versus Seth Griffith in Heat zone.
8:32 of 1st period - Snap shot by Matthew Nieto.
8:32 of 1st period - Shot Misses the Net.
8:34 of 1st period - Snap shot by Matthew Nieto.
8:34 of 1st period - Shot Misses the Net.
8:54 of 1st period - Snap shot by Philip Varone.
8:54 of 1st period - Goal by Philip Varone - Heat : 1 - Wolfpack : 0.
8:55 of 1st period - Chris Brown wins face-off versus David Pope in neutral zone.
9:07 of 1st period - Matthew Nieto is hit by Connor Chatam and loses puck.
9:27 of 1st period - Samuel Blais is hit by Philip Varone and loses puck.
9:52 of 1st period - Snap shot by Peter Cehlarik.
9:52 of 1st period - Shot Misses the Net.
9:54 of 1st period - Snap shot by Nico Sturm.
9:54 of 1st period - Stopped by Ivan Fedotov with a rebound.
11:16 of 1st period - Snap shot by Peter Cehlarik.
11:16 of 1st period - Shot Misses the Net.
11:50 of 1st period - Slapshot by Evgeny Svechnikov.
11:50 of 1st period - Stopped by Ivan Fedotov with a rebound.
11:52 of 1st period - Snap shot by Matthew Nieto.
11:52 of 1st period - Shot Misses the Net.
11:54 of 1st period - Slapshot by Chris Brown.
11:54 of 1st period - Deflect By Evgeny Svechnikov.
11:54 of 1st period - Shot Misses the Net.
11:54 of 1st period - Puck is out of play.
11:55 of 1st period - Philip Varone wins face-off versus Seth Griffith in Wolfpack zone.
12:02 of 1st period - Seth Griffith is hit by Jesper Bratt and loses puck.
13:01 of 1st period - David Pope is hit by Mathieu Brodeur and loses puck.
13:06 of 1st period - Wrist shot by Peter Cehlarik.
13:06 of 1st period - Shot Misses the Net.
13:08 of 1st period - Wrist shot by Nico Sturm.
13:08 of 1st period - Shot Blocked by Jonas Brodin.
13:40 of 1st period - Brett Ponich is hit by Matthew Nieto.
14:43 of 1st period - Philip Varone is hit by Andrew Peeke and loses puck.
14:48 of 1st period - Snap shot by Nolan Patrick.
14:48 of 1st period - Stopped by Michael Hutchinson without a rebound.
14:49 of 1st period - Chris Brown wins face-off versus Seth Griffith in Heat zone.
14:49 of 1st period - Chris Brown is hit by David Pope.
15:02 of 1st period - Joshua Jacobs is hit by Chris Brown.
15:14 of 1st period - Philip Varone is hit by Samuel Blais and loses puck.
15:21 of 1st period - Snap shot by Casey Mittelstadt.
15:21 of 1st period - Shot Blocked by Erik Brannstrom.
15:23 of 1st period - Slapshot by Cale Fleury.
15:23 of 1st period - Shot Blocked by Jesper Bratt.
15:25 of 1st period - Snap shot by Samuel Blais.
15:25 of 1st period - Stopped by Michael Hutchinson with a rebound.
15:27 of 1st period - Snap shot by Casey Mittelstadt.
15:27 of 1st period - Stopped by Michael Hutchinson without a rebound.
15:28 of 1st period - Seth Griffith wins face-off versus Chris Brown in Heat zone.
16:30 of 1st period - Peter Cehlarik is hit by Owen Tippet and loses puck.
16:53 of 1st period - Wrist shot by Samuel Blais.
16:53 of 1st period - Stopped by Michael Hutchinson with a rebound.
16:55 of 1st period - Snap shot by Casey Mittelstadt.
16:55 of 1st period - Shot Misses the Net.
16:57 of 1st period - Wrist shot by Casey Mittelstadt.
16:57 of 1st period - Goal by Casey Mittelstadt - Heat : 1 - Wolfpack : 1.
16:58 of 1st period - Chris Brown wins face-off versus Seth Griffith in neutral zone.
17:23 of 1st period - Ryan Culkin is hit by Philip Varone and loses puck.
17:44 of 1st period - Wrist shot by Ryan Spooner.
17:44 of 1st period - Stopped by Ivan Fedotov with a rebound.
17:46 of 1st period - Slapshot by John Gilmour.
17:46 of 1st period - Stopped by Ivan Fedotov without a rebound.
17:47 of 1st period - Ryan Spooner wins face-off versus Seth Griffith in Wolfpack zone.
17:50 of 1st period - Wrist shot by Ryan Spooner.
17:50 of 1st period - Stopped by Ivan Fedotov without a rebound.
17:51 of 1st period - Seth Griffith wins face-off versus Chris Brown in Wolfpack zone.
17:56 of 1st period - Slapshot by Connor Chatam.
17:56 of 1st period - Stopped by Michael Hutchinson with a rebound.
18:02 of 1st period - Snap shot by Evgeny Svechnikov.
18:02 of 1st period - Goal by Evgeny Svechnikov - Heat : 2 - Wolfpack : 1.
18:03 of 1st period - Chris Brown wins face-off versus Seth Griffith in neutral zone.
18:06 of 1st period - Slapshot by Trevor Carrick.
18:06 of 1st period - Shot Misses the Net.
18:08 of 1st period - Slapshot by Frank Corrado.
18:08 of 1st period - Shot Misses the Net.
18:10 of 1st period - Slapshot by Frank Corrado.
18:10 of 1st period - Stopped by Ivan Fedotov without a rebound.
18:11 of 1st period - Chris Brown wins face-off versus Seth Griffith in Wolfpack zone.
18:14 of 1st period - Snap shot by Evgeny Svechnikov.
18:14 of 1st period - Shot Blocked by Jonas Brodin.
18:16 of 1st period - Snap shot by Matthew Nieto.
18:16 of 1st period - Stopped by Ivan Fedotov with a rebound.
18:20 of 1st period - Slapshot by Evgeny Svechnikov.
18:20 of 1st period - Stopped by Ivan Fedotov with a rebound.
18:22 of 1st period - Slapshot by Frank Corrado.
18:22 of 1st period - Stopped by Ivan Fedotov without a rebound.
18:23 of 1st period - David Pope wins face-off versus Chris Brown in Wolfpack zone.
18:36 of 1st period - Mathieu Brodeur is hit by Brett Ponich.
18:50 of 1st period - Slapshot by Trevor Carrick.
18:50 of 1st period - Stopped by Ivan Fedotov without a rebound.
18:51 of 1st period - Nolan Patrick wins face-off versus Ryan Spooner in Wolfpack zone.
19:07 of 1st period - Snap shot by Alexander Barabanov.
19:07 of 1st period - Stopped by Michael Hutchinson with a rebound.
19:12 of 1st period - Off-side.
19:13 of 1st period - Casey Mittelstadt wins face-off versus Chris Brown in neutral zone.
Goals for this period are 2 for Heat vs 1 for Wolfpack.
Shots for this period are 13 for Heat vs 11 for Wolfpack.

2nd period


0:01 of 2nd period - Chris Brown wins face-off versus Seth Griffith in neutral zone.
0:08 of 2nd period - Connor Chatam is hit by Chris Brown and loses puck.
0:32 of 2nd period - Snap shot by Matthew Nieto.
0:32 of 2nd period - Shot Misses the Net.
0:34 of 2nd period - Wrist shot by Evgeny Svechnikov.
0:34 of 2nd period - Shot Hit the Post.
0:36 of 2nd period - Slapshot by Brandon Hickey.
0:36 of 2nd period - Shot Blocked by Alexander Barabanov.
0:38 of 2nd period - Snap shot by Dominik Masin.
0:38 of 2nd period - Stopped by Ivan Fedotov without a rebound.
0:39 of 2nd period - Philip Varone wins face-off versus Seth Griffith in Wolfpack zone.
0:52 of 2nd period - Slapshot by Connor Chatam.
0:52 of 2nd period - Stopped by Michael Hutchinson with a rebound.
1:09 of 2nd period - Andrew Peeke is hit by Ryan Spooner and loses puck.
1:48 of 2nd period - Wrist shot by Matthew Nieto.
1:48 of 2nd period - Shot Misses the Net.
1:50 of 2nd period - Wrist shot by Trevor Carrick.
1:50 of 2nd period - Deflect By Evgeny Svechnikov.
1:50 of 2nd period - Shot Misses the Net.
1:50 of 2nd period - Puck is out of play.
1:51 of 2nd period - Seth Griffith wins face-off versus Philip Varone in Wolfpack zone.
2:06 of 2nd period - Snap shot by Seth Griffith.
2:06 of 2nd period - Shot Hit the Post.
2:16 of 2nd period - Jonas Brodin is hit by Frank Corrado and loses puck.
2:25 of 2nd period - Dominik Masin is hit by Brett Ponich and loses puck.
2:38 of 2nd period - Snap shot by Peter Cehlarik.
2:38 of 2nd period - Deflect By Nico Sturm.
2:38 of 2nd period - Deflect By Jonas Brodin.
2:38 of 2nd period - Shot Misses the Net.
2:38 of 2nd period - Puck is out of play.
2:39 of 2nd period - David Pope wins face-off versus Nico Sturm in Wolfpack zone.
2:44 of 2nd period - Peter Cehlarik is hit by David Pope and loses puck.
3:05 of 2nd period - Alexander Barabanov is hit by Frank Corrado and loses puck.
3:29 of 2nd period - Snap shot by Alex Barre-Boulet.
3:29 of 2nd period - Stopped by Michael Hutchinson with a rebound.
3:31 of 2nd period - Slapshot by Brett Ponich.
3:31 of 2nd period - Shot Misses the Net.
3:33 of 2nd period - Slapshot by Jonas Brodin.
3:33 of 2nd period - Deflect By Joel Kiviranta.
3:33 of 2nd period - Shot Blocked by Trevor Carrick.
3:33 of 2nd period - Puck is out of play.
3:34 of 2nd period - Seth Griffith wins face-off versus Jesper Bratt in Heat zone.
3:39 of 2nd period - Slapshot by Seth Griffith.
3:39 of 2nd period - Shot Blocked by Dominik Masin.
4:05 of 2nd period - Wrist shot by Samuel Blais.
4:05 of 2nd period - Shot Misses the Net.
4:07 of 2nd period - Wrist shot by Casey Mittelstadt.
4:07 of 2nd period - Stopped by Michael Hutchinson without a rebound.
4:08 of 2nd period - Seth Griffith wins face-off versus Philip Varone in Heat zone.
4:14 of 2nd period - Minor Penalty to Erik Brannstrom for Hooking.
4:15 of 2nd period - Seth Griffith wins face-off versus Philip Varone in Heat zone.
4:41 of 2nd period - Philip Varone is hit by Casey Mittelstadt and loses puck.
4:50 of 2nd period - Snap shot by Samuel Blais.
4:50 of 2nd period - Shot Misses the Net.
5:14 of 2nd period - Wrist shot by Barclay Goodrow.
5:14 of 2nd period - Shot Misses the Net.
6:09 of 2nd period - Samuel Blais is hit by Philip Varone and loses puck.
6:14 of 2nd period - Penalty to Erik Brannstrom is over, Erik Brannstrom is back on ice.
6:32 of 2nd period - Wrist shot by Philip Varone.
6:32 of 2nd period - Deflect By Erik Brannstrom.
6:32 of 2nd period - Shot Blocked by Ryan Culkin.
6:32 of 2nd period - Puck is out of play.
6:33 of 2nd period - Evgeny Svechnikov wins face-off versus Alex Barre-Boulet in Wolfpack zone.
7:24 of 2nd period - Trevor Carrick is hit by David Pope.
7:30 of 2nd period - Wrist shot by John Gilmour.
7:30 of 2nd period - Shot Misses the Net.
7:46 of 2nd period - Snap shot by Samuel Blais.
7:46 of 2nd period - Stopped by Michael Hutchinson with a rebound.
8:22 of 2nd period - Snap shot by Peter Cehlarik.
8:22 of 2nd period - Shot Misses the Net.
8:24 of 2nd period - Snap shot by Peter Cehlarik.
8:24 of 2nd period - Stopped by Ivan Fedotov without a rebound.
8:25 of 2nd period - Seth Griffith wins face-off versus Chris Brown in Wolfpack zone.
9:22 of 2nd period - Linus Sandin is hit by Brandon Hickey and loses puck.
10:09 of 2nd period - Snap shot by John Gilmour.
10:09 of 2nd period - Stopped by Ivan Fedotov with a rebound.
10:34 of 2nd period - Icing by Trevor Carrick.
10:35 of 2nd period - Chris Brown wins face-off versus Seth Griffith in Heat zone.
10:46 of 2nd period - Wrist shot by Seth Griffith.
10:46 of 2nd period - Stopped by Michael Hutchinson without a rebound.
10:47 of 2nd period - Seth Griffith wins face-off versus Philip Varone in Heat zone.
10:53 of 2nd period - Off-side.
10:54 of 2nd period - Seth Griffith wins face-off versus Philip Varone in neutral zone.
11:23 of 2nd period - Snap shot by Samuel Blais.
11:23 of 2nd period - Shot Misses the Net.
11:25 of 2nd period - Snap shot by Owen Tippet.
11:25 of 2nd period - Stopped by Michael Hutchinson without a rebound.
11:26 of 2nd period - Casey Mittelstadt wins face-off versus Evgeny Svechnikov in Heat zone.
11:51 of 2nd period - Frank Corrado is hit by Connor Chatam.
12:39 of 2nd period - Wrist shot by Joel Kiviranta.
12:39 of 2nd period - Shot Blocked by Erik Brannstrom.
12:55 of 2nd period - Snap shot by Samuel Blais.
12:55 of 2nd period - Stopped by Michael Hutchinson without a rebound.
12:56 of 2nd period - Philip Varone wins face-off versus Casey Mittelstadt in Heat zone.
13:10 of 2nd period - Wrist shot by Samuel Blais.
13:10 of 2nd period - Stopped by Michael Hutchinson without a rebound.
13:11 of 2nd period - Seth Griffith wins face-off versus Chris Brown in Heat zone.
13:12 of 2nd period - Snap shot by David Pope.
13:12 of 2nd period - Stopped by Michael Hutchinson with a rebound.
13:36 of 2nd period - Casey Mittelstadt is hit by Barclay Goodrow and loses puck.
14:21 of 2nd period - Off-side.
14:22 of 2nd period - Chris Brown wins face-off versus Alex Barre-Boulet in neutral zone.
14:37 of 2nd period - Wrist shot by Matthew Nieto.
14:37 of 2nd period - Stopped by Ivan Fedotov with a rebound.
15:03 of 2nd period - Off-side.
15:04 of 2nd period - Philip Varone wins face-off versus Seth Griffith in neutral zone.
15:19 of 2nd period - Wrist shot by Barclay Goodrow.
15:19 of 2nd period - Stopped by Ivan Fedotov without a rebound.
15:20 of 2nd period - Casey Mittelstadt wins face-off versus Ryan Spooner in Wolfpack zone.
15:29 of 2nd period - Wrist shot by Samuel Blais.
15:29 of 2nd period - Stopped by Michael Hutchinson with a rebound.
15:35 of 2nd period - Backhand shot by Samuel Blais.
15:35 of 2nd period - Stopped by Michael Hutchinson with a rebound.
16:14 of 2nd period - Backhand shot by Alexander Barabanov.
16:14 of 2nd period - Stopped by Michael Hutchinson with a rebound.
17:10 of 2nd period - Snap shot by Connor Chatam.
17:10 of 2nd period - Shot Blocked by Brandon Hickey.
17:12 of 2nd period - Slapshot by David Pope.
17:12 of 2nd period - Shot Hit the Post.
17:14 of 2nd period - Slapshot by Andrew Peeke.
17:14 of 2nd period - Deflect By Brandon Hickey.
17:14 of 2nd period - Stopped by Michael Hutchinson with a rebound.
17:16 of 2nd period - Snap shot by Seth Griffith.
17:16 of 2nd period - Stopped by Michael Hutchinson with a rebound.
17:18 of 2nd period - Snap shot by Andrew Peeke.
17:18 of 2nd period - Shot Blocked by John Gilmour.
17:20 of 2nd period - Wrist shot by Seth Griffith.
17:20 of 2nd period - Stopped by Michael Hutchinson without a rebound.
17:21 of 2nd period - Samuel Blais wins face-off versus Philip Varone in Heat zone.
17:26 of 2nd period - Snap shot by Samuel Blais.
17:26 of 2nd period - Stopped by Michael Hutchinson with a rebound.
17:28 of 2nd period - Wrist shot by Samuel Blais.
17:28 of 2nd period - Shot Misses the Net.
17:30 of 2nd period - Slapshot by Brett Ponich.
17:30 of 2nd period - Stopped by Michael Hutchinson without a rebound.
17:31 of 2nd period - Casey Mittelstadt wins face-off versus Philip Varone in Heat zone.
18:19 of 2nd period - Trevor Carrick is hit by Jonas Brodin and loses puck.
18:36 of 2nd period - Snap shot by Samuel Blais.
18:36 of 2nd period - Shot Blocked by Jesper Bratt.
19:35 of 2nd period - Snap shot by Samuel Blais.
19:35 of 2nd period - Shot Misses the Net.
19:37 of 2nd period - Slapshot by Brett Ponich.
19:37 of 2nd period - Shot Blocked by Philip Varone.
19:39 of 2nd period - Wrist shot by Owen Tippet.
19:39 of 2nd period - Stopped by Michael Hutchinson without a rebound.
19:40 of 2nd period - Connor Chatam wins face-off versus Matthew Nieto in Heat zone.
19:47 of 2nd period - Slapshot by Erik Brannstrom.
19:47 of 2nd period - Shot Misses the Net.
Goals for this period are 0 for Heat vs 0 for Wolfpack.
Shots for this period are 5 for Heat vs 18 for Wolfpack.

3rd period


0:01 of 3rd period - Matthew Nieto wins face-off versus Seth Griffith in neutral zone.
0:38 of 3rd period - Mathieu Brodeur is hit by Ryan Culkin and loses puck.
1:34 of 3rd period - Slapshot by Jonas Brodin.
1:34 of 3rd period - Stopped by Michael Hutchinson with a rebound.
1:48 of 3rd period - Snap shot by Ryan Spooner.
1:48 of 3rd period - Stopped by Ivan Fedotov with a rebound.
1:50 of 3rd period - Snap shot by John Gilmour.
1:50 of 3rd period - Shot Misses the Net.
1:52 of 3rd period - Slapshot by John Gilmour.
1:52 of 3rd period - Stopped by Ivan Fedotov with a rebound.
1:54 of 3rd period - Snap shot by John Gilmour.
1:54 of 3rd period - Shot Misses the Net.
2:08 of 3rd period - Slapshot by Brett Ponich.
2:08 of 3rd period - Stopped by Michael Hutchinson without a rebound.
2:09 of 3rd period - Philip Varone wins face-off versus Casey Mittelstadt in Heat zone.
3:11 of 3rd period - Wrist shot by Samuel Blais.
3:11 of 3rd period - Deflect By Owen Tippet.
3:11 of 3rd period - Goal by Owen Tippet - Heat : 2 - Wolfpack : 2.
3:12 of 3rd period - Chris Brown wins face-off versus Seth Griffith in neutral zone.
3:37 of 3rd period - Wrist shot by Eric Karlsson.
3:37 of 3rd period - Shot Misses the Net.
3:39 of 3rd period - Slapshot by Mathieu Brodeur.
3:39 of 3rd period - Deflect By Eric Karlsson.
3:39 of 3rd period - Stopped by Ivan Fedotov without a rebound.
3:40 of 3rd period - Nolan Patrick wins face-off versus Ryan Spooner in Wolfpack zone.
3:42 of 3rd period - Minor Penalty to Linus Sandin for Hooking.
3:43 of 3rd period - Seth Griffith wins face-off versus Chris Brown in Wolfpack zone.
3:47 of 3rd period - Snap shot by Matthew Nieto.
3:47 of 3rd period - Stopped by Ivan Fedotov with a rebound.
3:49 of 3rd period - Slapshot by Trevor Carrick.
3:49 of 3rd period - Stopped by Ivan Fedotov without a rebound.
3:50 of 3rd period - Seth Griffith wins face-off versus Chris Brown in Wolfpack zone.
4:40 of 3rd period - Chris Brown is hit by Casey Mittelstadt and loses puck.
4:51 of 3rd period - Philip Varone is hit by Seth Griffith and loses puck.
5:42 of 3rd period - Penalty to Linus Sandin is over, Linus Sandin is back on ice.
6:10 of 3rd period - Peter Cehlarik is hit by Linus Sandin and loses puck.
7:14 of 3rd period - Icing by Jonas Brodin.
7:15 of 3rd period - Casey Mittelstadt wins face-off versus Ryan Spooner in Wolfpack zone.
7:40 of 3rd period - Snap shot by Connor Chatam.
7:40 of 3rd period - Deflect By Seth Griffith.
7:40 of 3rd period - Stopped by Michael Hutchinson with a rebound.
8:00 of 3rd period - Snap shot by Alexander Volkov.
8:00 of 3rd period - Shot Misses the Net.
8:20 of 3rd period - Slapshot by Trevor Carrick.
8:20 of 3rd period - Deflect By Joel Kiviranta.
8:20 of 3rd period - Stopped by Ivan Fedotov with a rebound.
8:22 of 3rd period - Snap shot by Matthew Nieto.
8:22 of 3rd period - Shot Misses the Net.
8:24 of 3rd period - Wrist shot by Matthew Nieto.
8:24 of 3rd period - Shot Misses the Net.
8:26 of 3rd period - Wrist shot by Evgeny Svechnikov.
8:26 of 3rd period - Stopped by Ivan Fedotov without a rebound.
8:27 of 3rd period - Ryan Spooner wins face-off versus Seth Griffith in Wolfpack zone.
8:28 of 3rd period - Wrist shot by Eric Karlsson.
8:28 of 3rd period - Shot Misses the Net.
8:34 of 3rd period - Eric Karlsson is hit by Seth Griffith and loses puck.
8:57 of 3rd period - Wrist shot by Mathieu Brodeur.
8:57 of 3rd period - Deflect By Barclay Goodrow.
8:57 of 3rd period - Shot Misses the Net.
8:57 of 3rd period - Puck is out of play.
8:58 of 3rd period - Philip Varone wins face-off versus Nolan Patrick in Wolfpack zone.
9:09 of 3rd period - Snap shot by Nolan Patrick.
9:09 of 3rd period - Shot Misses the Net.
9:11 of 3rd period - Wrist shot by Nolan Patrick.
9:11 of 3rd period - Stopped by Michael Hutchinson without a rebound.
9:12 of 3rd period - Chris Brown wins face-off versus Seth Griffith in Heat zone.
9:58 of 3rd period - Backhand shot by Peter Cehlarik.
9:58 of 3rd period - Goal by Peter Cehlarik - Heat : 3 - Wolfpack : 2.
9:59 of 3rd period - Chris Brown wins face-off versus Seth Griffith in neutral zone.
10:02 of 3rd period - Slapshot by Trevor Carrick.
10:02 of 3rd period - Stopped by Ivan Fedotov with a rebound.
10:04 of 3rd period - Snap shot by Matthew Nieto.
10:04 of 3rd period - Goal by Matthew Nieto - Heat : 4 - Wolfpack : 2.
10:05 of 3rd period - Chris Brown wins face-off versus David Pope in neutral zone.
10:16 of 3rd period - Snap shot by Matthew Nieto.
10:16 of 3rd period - Shot Misses the Net.
10:18 of 3rd period - Slapshot by Trevor Carrick.
10:18 of 3rd period - Shot Misses the Net.
10:20 of 3rd period - Snap shot by Chris Brown.
10:20 of 3rd period - Stopped by Ivan Fedotov with a rebound.
10:30 of 3rd period - Brett Ponich is hit by Frank Corrado and loses puck.
10:37 of 3rd period - Wrist shot by Barclay Goodrow.
10:37 of 3rd period - Shot Misses the Net.
11:16 of 3rd period - Icing by Eric Karlsson.
11:17 of 3rd period - Casey Mittelstadt wins face-off versus Eric Karlsson in Heat zone.
11:53 of 3rd period - Owen Tippet is hit by Ryan Spooner and loses puck.
12:00 of 3rd period - Backhand shot by Ryan Spooner.
12:00 of 3rd period - Stopped by Ivan Fedotov without a rebound.
12:01 of 3rd period - Evgeny Svechnikov wins face-off versus Seth Griffith in Wolfpack zone.
12:02 of 3rd period - Snap shot by Matthew Nieto.
12:02 of 3rd period - Stopped by Ivan Fedotov with a rebound.
12:05 of 3rd period - Icing by Andrew Peeke.
12:06 of 3rd period - Seth Griffith wins face-off versus Chris Brown in Wolfpack zone.
12:06 of 3rd period - Seth Griffith is hit by Trevor Carrick.
13:10 of 3rd period - Owen Tippet is hit by Nico Sturm and loses puck.
14:23 of 3rd period - Slapshot by Alexander Barabanov.
14:23 of 3rd period - Deflect By Linus Sandin.
14:23 of 3rd period - Stopped by Michael Hutchinson with a rebound.
14:25 of 3rd period - Snap shot by Nolan Patrick.
14:25 of 3rd period - Shot Misses the Net.
14:27 of 3rd period - Wrist shot by Ryan Culkin.
14:27 of 3rd period - Shot Misses the Net.
14:29 of 3rd period - Slapshot by Joshua Jacobs.
14:29 of 3rd period - Shot Misses the Net.
14:31 of 3rd period - Wrist shot by Alexander Barabanov.
14:31 of 3rd period - Shot Blocked by Tage Thompson.
14:37 of 3rd period - Wrist shot by Nolan Patrick.
14:37 of 3rd period - Stopped by Michael Hutchinson without a rebound.
14:38 of 3rd period - Seth Griffith wins face-off versus Chris Brown in Heat zone.
14:43 of 3rd period - Snap shot by Seth Griffith.
14:43 of 3rd period - Shot Blocked by Matthew Nieto.
14:45 of 3rd period - Slapshot by David Pope.
14:45 of 3rd period - Shot Misses the Net.
15:29 of 3rd period - Cale Fleury is hit by Mathieu Brodeur and loses puck.
15:46 of 3rd period - Joel Kiviranta is hit by Erik Brannstrom and loses puck.
16:19 of 3rd period - Icing by Owen Tippet.
16:20 of 3rd period - Chris Brown wins face-off versus Samuel Blais in Wolfpack zone.
16:29 of 3rd period - Snap shot by Evgeny Svechnikov.
16:29 of 3rd period - Shot Misses the Net.
16:31 of 3rd period - Slapshot by Matthew Nieto.
16:31 of 3rd period - Shot Blocked by Ryan Culkin.
16:33 of 3rd period - Snap shot by Evgeny Svechnikov.
16:33 of 3rd period - Shot Misses the Net.
16:43 of 3rd period - Snap shot by Philip Varone.
16:43 of 3rd period - Stopped by Ivan Fedotov with a rebound.
16:45 of 3rd period - Slapshot by Barclay Goodrow.
16:45 of 3rd period - Stopped by Ivan Fedotov with a rebound.
16:47 of 3rd period - Snap shot by Barclay Goodrow.
16:47 of 3rd period - Shot Blocked by Casey Mittelstadt.
16:49 of 3rd period - Snap shot by Frank Corrado.
16:49 of 3rd period - Stopped by Ivan Fedotov without a rebound.
16:50 of 3rd period - Philip Varone wins face-off versus Nolan Patrick in Wolfpack zone.
16:59 of 3rd period - Slapshot by Nolan Patrick.
16:59 of 3rd period - Stopped by Michael Hutchinson without a rebound.
17:00 of 3rd period - Nolan Patrick wins face-off versus Ryan Spooner in Heat zone.
17:23 of 3rd period - Slapshot by Nolan Patrick.
17:23 of 3rd period - Shot Blocked by Frank Corrado.
17:25 of 3rd period - Snap shot by Alexander Barabanov.
17:25 of 3rd period - Stopped by Michael Hutchinson without a rebound.
17:26 of 3rd period - David Pope wins face-off versus Chris Brown in Heat zone.
17:27 of 3rd period - Wrist shot by Seth Griffith.
17:27 of 3rd period - Goal by Seth Griffith - Heat : 4 - Wolfpack : 3.
17:28 of 3rd period - Ryan Spooner wins face-off versus Seth Griffith in neutral zone.
18:18 of 3rd period - Matthew Nieto is hit by Samuel Blais and loses puck.
18:47 of 3rd period - Mathieu Brodeur is hit by Samuel Blais and loses puck.
19:04 of 3rd period - Snap shot by Matthew Nieto.
19:04 of 3rd period - Shot Misses the Net.
19:06 of 3rd period - Snap shot by Philip Varone.
19:06 of 3rd period - Shot Blocked by Brett Ponich.
19:26 of 3rd period - Snap shot by Evgeny Svechnikov.
19:26 of 3rd period - Shot Misses the Net.
19:28 of 3rd period - Wrist shot by Philip Varone.
19:28 of 3rd period - Shot Misses the Net.
19:30 of 3rd period - Snap shot by Philip Varone.
19:30 of 3rd period - Shot Misses the Net.
19:32 of 3rd period - Backhand shot by Brandon Hickey.
19:32 of 3rd period - Stopped by Ivan Fedotov with a rebound.
19:34 of 3rd period - Snap shot by Brandon Hickey.
19:34 of 3rd period - Stopped by Ivan Fedotov without a rebound.
19:35 of 3rd period - Jack Capuano call a timeout for Wolfpack.
19:35 of 3rd period - Seth Griffith wins face-off versus Philip Varone in Wolfpack zone.
19:37 of 3rd period - Minor Penalty to Brett Ponich for Hooking.
19:38 of 3rd period - Seth Griffith wins face-off versus Chris Brown in Wolfpack zone.
19:50 of 3rd period - Wrist shot by Trevor Carrick.
19:50 of 3rd period - Stopped by Ivan Fedotov with a rebound.
19:52 of 3rd period - Snap shot by Matthew Nieto.
19:52 of 3rd period - Shot Misses the Net.
19:54 of 3rd period - Slapshot by Trevor Carrick.
19:54 of 3rd period - Stopped by Ivan Fedotov without a rebound.
19:55 of 3rd period - Chris Brown wins face-off versus Seth Griffith in Wolfpack zone.
Goals for this period are 2 for Heat vs 2 for Wolfpack.
Shots for this period are 20 for Heat vs 10 for Wolfpack.